[Event "44th Chess Olympiad Open 2022"]
[Site "Chennai"]
[Date "2022.08.06"]
[Round "8.52"]
[White "Frick, Renato"]
[Black "Munro, Allan"]
[Result "0-1"]
[ECO "B13"]
[WhiteElo "1900"]
[BlackElo "2008"]
[Annotator "TA"]
[PlyCount "40"]
[EventDate "2022.07.29"]
[EventType "team-tourn"]
[EventCountry "IND"]
[SourceTitle "playchess.com"]
[Source "ChessBase"]
[SourceQuality "1"]
[WhiteTeam "Liechtenstein"]
[BlackTeam "TTO"]
[WhiteTeamCountry "LIE"]
[TimeControl "40/5400+30:1800+30"]

1. e4 c6 2. d4 d5 3. exd5 cxd5 4. Bd3 Nc6 5. c3 Qc7 6. h3 Nf6 7. Bg5 {[%emt 0:03:48] B13: Caro-Kann: Exchange Variation and Panov-Botvinnik Attack.} g6 8. Qf3 Bg7 {[%emt 0:06:11][%cal Of6e4] [#]} 9. Nd2 $146 {[%emt 0:17:18] Against Ne4. The position is equal.} ({Predecessor:} 9. Ne2 O-O 10. Bxf6 Bxf6 11. Qxd5 e5 12. Qf3 Bg7 13. d5 Ne7 14. O-O f5 15. Bc2 {1-0 (65) Wehner,R (2042)-Mietner,W (1731) Playchess.com INT 2020}) 9... Qd6 10. Bf4 Qd8 11. Qe2 O-O 12. Ngf3 Nh5 13. Bh2 Bh6 14. Ne5 (14. O-O-O $14) 14... f6 15. Ng4 Bf4 16. g3 Bxd2+ 17. Qxd2 ({Don't play} 17. Kxd2 e5 18. dxe5 fxe5 $17) 17... e5 18. dxe5 fxe5 19. O-O-O Nf6 20. Qh6 $2 {[%emt 0:12:49][%mdl 8192] [#]} (20. Nh6+ $14 {keeps the upper hand.} Kg7 21. g4) 20... Bxg4 {[%emt 0:06:04] Weighted Error Value: White=0.63/Black=0.12 (very precise)} 0-1

[Event "44th Chess Olympiad Open 2022"]
[Site "Chennai"]
[Date "2022.08.06"]
[Round "8.57"]
[White "Forbes, Garry"]
[Black "Jingjang, Shin"]
[Result "0-1"]
[ECO "D00"]
[WhiteElo "1908"]
[BlackElo "1956"]
[Annotator "TA"]
[PlyCount "50"]
[EventDate "2022.07.29"]
[EventType "team-tourn"]
[EventCountry "IND"]
[SourceTitle "playchess.com"]
[Source "ChessBase"]
[SourceQuality "1"]
[WhiteTeam "Channel Islands"]
[BlackTeam "Thailand"]
[WhiteTeamCountry "JCI"]
[BlackTeamCountry "THA"]
[TimeControl "40/5400+30:1800+30"]

1. d4 d5 2. Nc3 Nf6 3. Bf4 c6 4. e3 Qb6 5. Rb1 Bf5 6. f3 {[%emt 0:03:08] D00: 1 d4 d5: Unusual lines.} e6 7. g4 Bg6 8. h4 {[%emt 0:00:09] aiming for h5. The position is equal.} h6 9. Bd3 Bxd3 10. cxd3 c5 11. dxc5 Bxc5 12. d4 Bd6 13. Nge2 Nbd7 14. Kf2 {[%emt 0:15:43] [#]} Bxf4 $146 ({Predecessor:} 14... g6 15. Qd3 Rd8 16. Na4 Qc7 17. Rbc1 Qb8 18. Nc5 Nxc5 19. Rxc5 Nd7 20. Rc2 h5 {½-½ (52) Howell,D (2658)-Wadsworth,M (2416) Tornelo INT 2021}) 15. Nxf4 O-O-O 16. Na4 Qd6 {[%emt 0:01:45] Active counter play!} 17. b4 (17. Nd3 $14) 17... g5 (17... e5 $11 18. Ne2 (18. dxe5 Nxe5 19. Nc5 b6 $15) 18... Kb8) 18. hxg5 (18. Nd3 $14) 18... hxg5 $15 {[%emt 0:00:21] And now ...Rxh1 would win.} 19. Rxh8 {[%emt 0:00:26] Now White is beyond hope.} (19. Nh5 $17) 19... Rxh8 $19 {[%emt 0:00:13] The board is on fire.} 20. Ng2 (20. Qc2+ Kb8 21. Ng2) 20... Rh3 21. Qc2+ Kb8 $2 (21... Kd8 {Threatens to win with ...Qg3+.} 22. Nc5 Qg3+ 23. Kg1 Qh2+ 24. Kf2 e5 25. Nxb7+ Ke7) 22. Rc1 Qg3+ 23. Kg1 Rh8 {[%emt 0:20:16] Prevents Qc8+.} 24. Nc5 {[%emt 0:00:04] [#]} Nb6 {[%emt 0:00:37] Strongly threatening ...Nc4.} 25. Qf2 $2 {[%emt 0:07:43] [#]} (25. Nd3) 25... Rh1+ $3 {[%emt 0:00:17][%mdl 512] Weighted Error Value: White=0.90/Black=0.33} 0-1

[Event "44th Chess Olympiad Open 2022"]
[Site "Chennai"]
[Date "2022.08.06"]
[Round "8.58"]
[White "Abdelhakiem Abdellatief Nogdal"]
[Black "Alrehaili, Ahmed Abdullah S"]
[Result "0-1"]
[ECO "B01"]
[WhiteElo "1960"]
[BlackElo "1986"]
[Annotator "TA"]
[PlyCount "80"]
[EventDate "2022.07.29"]
[EventType "team-tourn"]
[EventCountry "IND"]
[SourceTitle "playchess.com"]
[Source "ChessBase"]
[SourceQuality "1"]
[WhiteTeam "Sudan"]
[BlackTeam "KSA"]
[WhiteTeamCountry "SUD"]
[TimeControl "40/5400+30:1800+30"]

1. e4 d5 2. exd5 Nf6 3. Nf3 Qxd5 4. Nc3 Qa5 5. d4 Bf5 6. Bd3 e6 7. O-O c6 {[%emt 0:02:20] B01: Scandinavian Defence.} 8. Re1 {[%emt 0:01:54] [#] Hoping for Re5.} Bxd3 9. Qxd3 Be7 {[%emt 0:00:05] White has an edge.} 10. Bf4 Nbd7 11. Rad1 O-O 12. Ne5 {[%emt 0:02:42] [#]} Rad8 $146 ({Predecessor:} 12... Qd8 13. Qf3 Nd5 14. Nxd5 cxd5 15. c3 Nf6 16. Qh3 Bd6 17. Re3 Qb6 18. Rd2 Rac8 {1-0 (33) Viczencz,P (1764)-Sivicek,F (1167) Liptovsky Mikulas 2017}) 13. Qf3 Nxe5 14. dxe5 (14. Rxe5 Qb4 15. Rb1 Qxd4 $17) 14... Rxd1 15. Rxd1 Nd5 16. Nxd5 cxd5 17. Qb3 b5 18. a3 Rc8 19. Qd3 {[%emt 0:05:40] Now White is beyond hope.} (19. c3 $15) 19... Qa4 $19 20. g3 Qxc2 ({Inferior is} 20... Rxc2 21. b3 Qe4 22. Qxe4 dxe4 23. Rd7 $15) 21. Qxc2 Rxc2 22. Rc1 Rxc1+ ({But not} 22... Rxb2 23. Rc8+ Bf8 24. Be3 $18) 23. Bxc1 {[%emt 0:00:02][%mdl 4096] Endgame KB-KB} Bc5 24. Kf1 Bd4 25. f4 f6 26. exf6 gxf6 27. Ke2 Kf7 28. Kd3 e5 29. g4 Bc5 30. fxe5 (30. f5 $142 e4+ 31. Ke2) 30... fxe5 31. b4 e4+ 32. Ke2 Bb6 33. Bf4 Ke6 34. h4 d4 35. h5 a5 36. Kd2 axb4 37. axb4 Bd8 {[%emt 0:00:41] Strongly threatening ...Be7.} 38. Kc2 Be7 39. Kb3 e3 {[%emt 0:02:15] [#] ( -> ...Kd5)} 40. h6 Bh4 {[%emt 0:02:05] Weighted Error Value: White=1.07/Black=0.03 (flawless)} 0-1

[Event "44th Chess Olympiad Open 2022"]
[Site "Chennai"]
[Date "2022.08.06"]
[Round "8.59"]
[White "Florentiades, Michalis"]
[Black "Sakhawaty, Sepehr"]
[Result "1/2-1/2"]
[ECO "B51"]
[WhiteElo "1974"]
[BlackElo "1809"]
[Annotator "TA"]
[PlyCount "115"]
[EventDate "2022.07.29"]
[EventType "team-tourn"]
[EventCountry "IND"]
[SourceTitle "playchess.com"]
[Source "ChessBase"]
[SourceQuality "1"]
[WhiteTeam "Cyprus"]
[BlackTeam "Afghanistan"]
[WhiteTeamCountry "CYP"]
[BlackTeamCountry "AFG"]
[TimeControl "40/5400+30:1800+30"]

1. e4 c5 2. Nf3 d6 3. Bb5+ Nd7 4. c3 a6 5. Ba4 Ngf6 6. Qe2 b5 7. Bc2 Bb7 {[%emt 0:01:19] B51: Sicilian: Moscow Variation (3 Bb5+) without 3...Bd7.} 8. O-O g6 $1 {[%emt 0:03:31][%mdl 4] is more profitable than 8...e6 at the moment.} 9. d4 e5 (9... Bg7 $11) 10. Rd1 Qc7 11. d5 c4 {[%emt 0:06:08] [#]} 12. b3 $146 ({Predecessor:} 12. a4 Nc5 13. Na3 Qb6 14. Be3 Bg7 15. Nd2 O-O 16. b4 cxb3 17. Nxb3 bxa4 18. Nxc5 dxc5 {0-1 (48) Garcia Martin,M (2315)-Bodnaruk,A (2427) Antalya 2019}) 12... cxb3 13. axb3 Bg7 14. Nfd2 (14. Bd2 $1 $16) 14... O-O $14 15. Nf1 Nb6 16. Bd2 Nfd7 17. Na3 f5 18. f3 (18. c4 $16) 18... fxe4 19. fxe4 Rf7 ({Don't do} 19... Nxd5 20. exd5 e4 21. b4 $16 (21. Qxe4 Rae8 $11)) 20. c4 bxc4 21. Nxc4 Nxc4 22. Qxc4 Qb6+ 23. Kh1 Rc8 24. Qd3 Nf6 {[%emt 0:03:46] Strongly threatening ...Ng4.} 25. Ne3 {[%emt 0:02:18] Inhibits Ng4.} Rcf8 26. Rf1 Nh5 (26... Qd4 $11 27. Ra4 Qc5) 27. Rxf7 Rxf7 28. Nc4 Qd8 29. Rf1 Nf4 30. Bxf4 exf4 31. Qd2 {[%emt 0:00:42] Inhibits a5.} Bc8 32. Qb4 (32. Rxf4 $2 Bh6 33. g3 Bxf4 34. gxf4 Qf8 $19) 32... Bf8 33. Qb6 ({White should try} 33. Bd1 $11) 33... Qg5 (33... Qxb6 $15 {might be stronger.} 34. Nxb6 Bg4) 34. Bd1 $11 ({Wrong is} 34. Nxd6 $2 f3 $1 35. gxf3 Bh3 $19) 34... Qe7 35. Bf3 g5 $2 {[%emt 0:00:53] [#]} (35... Qb7 $14) 36. h3 $2 ({White has to play} 36. e5 $1 $18 Qc7 37. e6 (37. exd6 Qxb6 38. Nxb6 Bd7 $14)) 36... Rg7 37. Qb8 Bd7 38. e5 dxe5 39. Nxe5 Bb5 {[%emt 0:00:41] [#]} (39... Bf5 $11 {keeps the balance.}) 40. Rc1 $1 $16 {[%emt 0:01:08] White is much more active.} Qa7 (40... Bd7 $16) 41. Qxa7 $2 (41. Qc8 $18 {Threatens to win with d6.} Qe7 42. Qf5) 41... Rxa7 $11 42. Rc8 {[%emt 0:01:47] d6 is the strong threat.} Kg7 43. Nc6 Bxc6 ({Black should play} 43... Rb7 $11) 44. dxc6 {[%emt 0:00:21][%mdl 4096] Endgame Black must now prevent c7. KRB-KRB} Bd6 {[%emt 0:00:21] Inhibits c7.} 45. Rd8 Be7 46. Rd7 (46. Rd5 $16) 46... Rxd7 {[%emt 0:00:20] The position is equal.} 47. cxd7 {[%emt 0:00:04] KB-KB} a5 48. Bc6 Kf6 49. Kg1 Ke5 50. Kf2 Kd6 51. Ba4 h5 52. Kf3 Ke5 53. Bc6 Kd4 54. Ba4 Bd8 55. Bc6 Kc5 56. Ba4 Kd4 57. Bc6 Kc5 58. Ke4 $2 {[%emt 0:00:08][%mdl 40960] Weighted Error Value: White=0.25 (precise) /Black=0.28 (precise) . An unexpected result.} 1/2-1/2

[Event "44th Chess Olympiad Open 2022"]
[Site "Chennai"]
[Date "2022.08.06"]
[Round "8.59"]
[White "Sulaiman, Ahmad Ashrafi"]
[Black "Antoniou, Rafail"]
[Result "1-0"]
[ECO "D02"]
[WhiteElo "1953"]
[BlackElo "1817"]
[Annotator "TA"]
[PlyCount "55"]
[EventDate "2022.07.29"]
[EventType "team-tourn"]
[EventCountry "IND"]
[SourceTitle "playchess.com"]
[Source "ChessBase"]
[SourceQuality "1"]
[WhiteTeam "Afghanistan"]
[BlackTeam "Cyprus"]
[WhiteTeamCountry "AFG"]
[BlackTeamCountry "CYP"]
[TimeControl "40/5400+30:1800+30"]

1. d4 Nf6 2. Bf4 d5 3. e3 c5 4. c3 e6 5. Nf3 Bd6 6. Bg3 {[%emt 0:00:37] D02: 1 d4 d5 2 Nf3 sidelines, including 2...Nf6 3 g3 and 2...Nf6 3 Bf4.} Qc7 7. Ne5 Nbd7 8. f4 {[%emt 0:00:36] [#] Black has an edge.} b5 $146 ({Predecessor:} 8... Ne4 9. Nd2 Nxg3 10. hxg3 Nxe5 11. fxe5 Be7 12. Qg4 g6 13. Nf3 Qb6 14. O-O-O Bd7 {½-½ (93) Pakleza,Z (2489)-Lewtak,D (2383) Katowice 2021}) 9. Nd2 Rb8 10. Bd3 a5 11. O-O Ba6 (11... c4 $11 12. Bc2 Bb7) 12. Bf2 (12. Nxd7 $14 Nxd7 13. Kh1) 12... c4 $11 13. Bc2 b4 14. g4 bxc3 15. bxc3 Rb2 16. g5 Bxe5 (16... Nxe5 $2 17. fxe5 Bxe5 18. dxe5 $18) (16... Ng8 $1 $14) 17. fxe5 $16 Ng4 18. Rc1 Nxf2 19. Rxf2 Qd8 20. Qh5 g6 {[%emt 0:01:21] [#]} ({Black should try} 20... Qe7 $1 $14) 21. Qh6 $1 {[%emt 0:01:26] Hoping for e4. White is more active.} Qe7 (21... Rxa2 $11 {keeps the balance.} 22. Bb1 Ra1) 22. Bb1 (22. Ba4 $16) 22... Qf8 (22... Rf8 $11 {remains equal.}) 23. Qh4 $2 (23. Rcf1 $16 {stays on course.}) 23... Qg7 $2 {[%emt 0:01:56][%mdl 8192] [#] Loses the game.} (23... Qa3 $17 {[%cal Ob2d2] And now ...Rxd2! would win.} 24. Rc2 O-O) 24. Ne4 $18 {[%emt 0:01:57][%cal Bd2e4,Be4d6,Bd6f7][%mdl 544] White is clearly winning.} Rxf2 (24... Rb6 25. Nd6+) 25. Nd6+ Ke7 26. Qxf2 Nxe5 (26... Rb8 $142 27. e4 Bb7) 27. dxe5 Qxe5 28. Nxf7 {[%emt 0:00:13] Weighted Error Value: White=0.37/Black=0.66} 1-0

[Event "44th Chess Olympiad Open 2022"]
[Site "Chennai"]
[Date "2022.08.06"]
[Round "8.60"]
[White "Abdulkadir Mohamed Warsame"]
[Black "Lama, Milan"]
[Result "1-0"]
[ECO "B38"]
[WhiteElo "1820"]
[BlackElo "2024"]
[Annotator "TA"]
[PlyCount "75"]
[EventDate "2022.07.29"]
[EventType "team-tourn"]
[EventCountry "IND"]
[SourceTitle "playchess.com"]
[Source "ChessBase"]
[SourceQuality "1"]
[WhiteTeam "Somalia"]
[BlackTeam "Nepal"]
[WhiteTeamCountry "SOM"]
[BlackTeamCountry "NEP"]
[TimeControl "40/5400+30:1800+30"]

1. c4 c5 2. Nf3 g6 3. d4 cxd4 4. Nxd4 Bg7 5. e4 Nc6 6. Be3 Nf6 7. Nc3 d6 8. Nxc6 bxc6 9. Be2 O-O 10. O-O a5 {[%emt 0:04:11] B38: Sicilian: Maroczy Bind with 5...Bg7 and 7...0-0.} 11. Rc1 Rb8 {[%emt 0:01:18] [#]} 12. Qc2 $146 ({Predecessor:} 12. b3 a4 13. Nxa4 Nxe4 14. Bd3 f5 15. f3 Nf6 16. c5 d5 17. Nb6 e5 18. a4 f4 19. Bf2 e4 20. fxe4 Nxe4 21. Qc2 Bf5 22. Rcd1 Qg5 23. Kh1 Rbe8 24. Bg1 Ng3+ {0-1 (24) Savitsky,V-Hermlin,A (2300) Oulu 1997}) 12... Qc7 {[%emt 0:14:24] The position is equal.} 13. c5 d5 $1 14. exd5 Nxd5 15. Nxd5 cxd5 16. b3 e5 17. Bd2 Bf5 18. Qc3 Ra8 19. Qg3 Rfc8 20. a3 Qe7 21. b4 axb4 22. Bxb4 (22. axb4 $11 {was the only way to keep the balance.} Ra2 23. Rfd1) 22... e4 (22... Qb7 $17 23. Rfe1 Be6) 23. c6 $11 Qe6 24. Bb5 (24. c7 Be5 25. Qg5 f6 $17) 24... Bb2 25. Rc2 Be5 26. Qh4 d4 (26... f6 $17) 27. Rfc1 d3 28. Rd2 (28. Rc4 $15) 28... Bd4 $17 29. Bxd3 $2 (29. Qf4 $17) 29... Bxf2+ $2 30. Rxf2 $16 ({Wrong is} 30. Qxf2 $2 e3 31. Qf4 exd2 32. Qxd2 Bxd3 33. Qxd3 Rxc6 $19) 30... exd3 31. c7 Qb6 {[%emt 0:04:37] [#]} (31... h5 $142) 32. Qf4 (32. Rc5 $1 $16) 32... Qe6 $2 {[%emt 0:01:10] [#]} (32... Ra7 $11) 33. Qd4 ({Better is} 33. Rc4 $1 $18) 33... Qd7 34. Qf6 {[%emt 0:00:59] Intending Bc3 and mate. White is much more active.} Qe6 35. Qc3 $40 {[%emt 0:00:51][%mdl 128] White attacks.} Ra7 $2 (35... Ra6 $14) 36. Qd4 $18 Raxc7 (36... Raa8 37. Bc3 f6) 37. Rxc7 Rxc7 38. Qd8+ {[%emt 0:00:07] Weighted Error Value: White=0.53/Black=0.83} 1-0

[Event "44th Chess Olympiad Open 2022"]
[Site "Chennai"]
[Date "2022.08.06"]
[Round "8.61"]
[White "Pinales Roussel, Gabriel"]
[Black "Oluka Robert Mcligeyo"]
[Result "1-0"]
[ECO "A14"]
[WhiteElo "1973"]
[BlackElo "1823"]
[Annotator "TA"]
[PlyCount "59"]
[EventDate "2022.07.29"]
[EventType "team-tourn"]
[EventCountry "IND"]
[SourceTitle "playchess.com"]
[Source "ChessBase"]
[SourceQuality "1"]
[WhiteTeam "Puerto Rico"]
[BlackTeam "Kenya"]
[WhiteTeamCountry "PUR"]
[BlackTeamCountry "KEN"]
[TimeControl "40/5400+30:1800+30"]

1. Nf3 d5 2. g3 e6 3. Bg2 Nf6 4. O-O Be7 5. c4 O-O 6. b3 b6 7. Bb2 Bb7 8. e3 Nbd7 9. Qe2 c5 10. Nc3 Rc8 11. Rac1 {[%emt 0:03:12] A14: English Opening: 1...e6 with b3 by White.} Qc7 12. Ne1 dxc4 13. bxc4 {[%emt 0:00:17] The position is equal.} Bxg2 14. Nxg2 Rfd8 15. f4 Qb7 16. e4 {[%emt 0:08:02] [#]} e5 $146 (16... Nb8 $11 {keeps the balance.}) ({Predecessor:} 16... Ne8 17. e5 g6 18. g4 Qb8 19. Ne4 Bf8 20. f5 exf5 21. gxf5 Bg7 22. f6 Bf8 23. e6 {1-0 (23) Harika,D (2507)-Sukhareva,E (2201) Khanty-Mansiysk 2014}) 17. Nd5 (17. Ne3 $16) 17... Nxd5 $14 18. exd5 (18. cxd5 $5 Bf6 19. Ne3 $16) 18... Bd6 {[%emt 0:03:00] This costs Black the game.} (18... Bf6 $14) 19. Ne3 $18 {[%emt 0:04:14] Nf5 is the strong threat.} ({Less strong is} 19. fxe5 Bxe5 20. Bxe5 Re8 $14) 19... exf4 $2 (19... Re8 20. Nf5 Bf8 21. fxe5 Nxe5 22. Bxe5 g6) 20. Nf5 f3 21. Rxf3 {[%emt 0:07:09] Intending Nh6+ and mate.} Bf8 {[%emt 0:02:55] [#]} 22. Ne7+ (22. Nh6+ $142 $1 gxh6 23. Rxf7 $3 Rc6 24. dxc6 Qxc6 25. Rf4 h5 26. Qxh5 Nf6 27. Bxf6) 22... Bxe7 23. Qxe7 Rf8 24. Rcf1 Rce8 {[%emt 0:01:19] [#]} 25. Qxe8 $3 Rxe8 (25... f6 26. Qe6+) 26. Rxf7 Qb8 27. Rxg7+ {[%emt 0:01:38] White mates.} Kh8 28. Rxd7+ {[%emt 0:00:17][%mdl 64] Discovered Attack} Re5 29. Bxe5+ Qxe5 30. Rf8# {[%emt 0:00:03] Weighted Error Value: White=0.26 (precise) /Black=1.27} 1-0

[Event "44th Chess Olympiad Open 2022"]
[Site "Chennai"]
[Date "2022.08.06"]
[Round "8.63"]
[White "Villanueva, Marcio"]
[Black "Arnold Smith"]
[Result "1-0"]
[ECO "D11"]
[WhiteElo "2009"]
[BlackElo "1931"]
[Annotator "TA"]
[PlyCount "133"]
[EventDate "2022.07.29"]
[EventType "team-tourn"]
[EventCountry "IND"]
[SourceTitle "playchess.com"]
[Source "ChessBase"]
[SourceQuality "1"]
[WhiteTeam "Honduras"]
[BlackTeam "Liberia"]
[WhiteTeamCountry "HON"]
[BlackTeamCountry "LBR"]
[TimeControl "40/5400+30:1800+30"]

1. Nf3 d5 2. d4 Nf6 3. g3 Bf5 4. Bg2 e6 5. c4 c6 6. Nc3 h6 7. Qb3 {[%emt 0:02:10] D11: Slav Defence: 3 Nf3 sidelines and 3...Nf6 4 e3 Bg4.} Qb6 8. c5 Qxb3 9. axb3 {[%emt 0:00:02] The position is equal.} Be7 10. b4 {[%emt 0:00:57] 10.h3 is the hot move.} Nbd7 11. Bf4 O-O 12. O-O a6 13. Ra3 Ne4 {[%emt 0:00:36] [#]} 14. Nd2 $146 ({Predecessor:} 14. Rfa1 Rae8 15. Ne1 Ng5 16. R3a2 Nh3+ 17. Bxh3 Bxh3 18. b5 cxb5 19. c6 bxc6 20. Rxa6 {1-0 (49) Schwarz,E (1994)-Reinecke,K (1842) Floersheim 2016}) 14... Nxd2 15. Bxd2 Bf6 16. e3 e5 17. Ne2 Rfe8 18. Bc3 Bd3 19. Re1 Bxe2 20. dxe5 {[%emt 0:00:30] [#]} Bxe5 21. Rxe2 Nf6 22. Rd2 Rad8 23. Kf1 Ng4 24. h3 Bxc3 25. bxc3 Ne5 26. Ra1 f5 27. Rd4 Nc4 28. Bf3 Rf8 29. Be2 Ne5 30. Rad1 {[%emt 0:00:10] c4 is the strong threat.} Ra8 31. f4 Nd7 32. c4 Nf6 33. cxd5 cxd5 34. Bf3 Rae8 (34... a5 $1 $14) 35. Kf2 Ne4+ 36. Bxe4 dxe4 $18 {[%emt 0:03:51][%mdl 4096] Endgame KRR-KRR} 37. Rd7 Rf7 38. Ke2 {[%emt 0:04:11] White is more active.} Re6 (38... a5 $16 {was necessary.}) 39. Rxf7 Kxf7 {[%emt 0:00:14] KR-KR} 40. Rd5 g6 41. Kd2 Ke7 (41... h5 $16 {might work better.} 42. Kc3 Ke7) 42. Kc3 (42. g4 $18) 42... h5 $16 43. Kc4 b6 $2 (43... Rc6 $16 {was called for.}) 44. h4 $2 (44. Re5 $1 $18 {And now cxb6 would win.} Rxe5 45. fxe5 bxc5 46. bxc5) 44... Rc6 $14 45. Rd1 bxc5 46. bxc5 Rc8 (46... Ke8 $1 $14) 47. Rd6 $18 Ra8 48. Rxg6 {[%emt 0:00:10] Strongly threatening c6.} a5 49. Kd5 $2 (49. Rg5 a4 50. Rg7+ (50. Rxf5 $2 a3 $19) 50... Ke6 51. Rg6+ Ke7 52. Rg7+ Ke6 53. Rg6+ Ke7 54. Rg7+ $11) (49. Kb3 $1 $18) 49... a4 $11 50. Rg7+ Kf6 51. Rb7 a3 {[%emt 0:00:10] White must now prevent ...a2.} 52. Rb1 a2 53. Ra1 Ra3 54. Kd6 Rd3+ 55. Kc7 Rc3 (55... Rxe3 56. Rxa2 Rxg3 57. c6 $18) 56. c6 Rc2 57. Kd7 Rd2+ 58. Kc8 Ke7 59. c7 $2 {[%emt 0:00:57][%mdl 8192] [#]} (59. Kc7 $11) 59... Rc2 $2 ({Black should try} 59... Rb2 $1 $19 {Threatens to win with ...Ke8.} 60. g4 fxg4) 60. Kb7 Rb2+ 61. Kc6 Rc2+ 62. Kd5 ({But not} 62. Kb7 Rb2+ 63. Kc6 Rc2+ 64. Kd5 (64. Kb7 Rb2+ $14) 64... Rxc7 $14) 62... Rxc7 ({Don't play} 62... Kd7 63. c8=R Kxc8 64. Ke6 $14) 63. Rxa2 {[%emt 0:00:06] White wants to play Ra5.} Rb7 {[%emt 0:00:49] [#]} (63... Rc3 $11 {remains equal.}) 64. Ra5 $1 $16 Kf7 $2 (64... Rb3 $16) 65. Ke5 $18 {[%emt 0:00:06] White is clearly winning.} ({Weaker is} 65. Kc6 Rb3 66. Rxf5+ Kg6 67. Rg5+ Kh6 $18) 65... Kg6 66. Ra6+ Kg7 67. Kxf5 {[%emt 0:00:04] What a fight!  Weighted Error Value: White=0.29 (precise) /Black=0.23 (precise)} 1-0

[Event "44th Chess Olympiad Open 2022"]
[Site "Chennai"]
[Date "2022.08.06"]
[Round "8.63"]
[White "Garcia Cuestas, Kevin"]
[Black "Barcon, Harmon"]
[Result "0-1"]
[ECO "C41"]
[WhiteElo "1984"]
[BlackElo "1902"]
[Annotator "TA"]
[PlyCount "78"]
[EventDate "2022.07.29"]
[EventType "team-tourn"]
[EventCountry "IND"]
[SourceTitle "playchess.com"]
[Source "ChessBase"]
[SourceQuality "1"]
[WhiteTeam "Honduras"]
[BlackTeam "Liberia"]
[WhiteTeamCountry "HON"]
[BlackTeamCountry "LBR"]
[TimeControl "40/5400+30:1800+30"]

1. e4 e5 2. Nf3 d6 3. d4 exd4 4. Nxd4 Nf6 5. Nc3 Be7 6. Bd3 a6 {[%emt 0:00:05] C41: Philidor Defence.} 7. Bf4 {[%emt 0:06:39] [#]} b5 $146 ({Predecessor:} 7... h6 8. O-O g5 9. Be3 O-O 10. Nd5 c5 11. Nxf6+ Bxf6 12. Nf5 Bxf5 13. exf5 Nc6 14. Qh5 {0-1 (25) Bellisario,C (1343)-Jakobi,W (1582) ICCF email 2019}) 8. a3 c5 {[%emt 0:02:46] The position is equal.} 9. Nf5 Bxf5 10. exf5 {[%emt 0:00:16] With the idea g4.} d5 11. O-O O-O 12. Qf3 Nc6 13. Rfd1 Ra7 14. Rd2 Nd4 {[%emt 0:06:05] Pair of Knights!} 15. Qh3 Rd7 16. Re1 (16. Rad1 $11 {remains equal.}) 16... Re8 (16... Bd6 $5 17. Bg5 h6 $17) 17. Nd1 (17. Bf1 $15) 17... Bd6 $17 18. Rxe8+ Qxe8 19. Be3 Nc6 $36 {[%emt 0:05:44][%cal Bd4c6,Bc6e5,Be5f3][%mdl 2080] Black is really pushing. Black is much more active. The white rooks are badly placed.} 20. g3 $2 {[%emt 0:11:08] [#] Loses the game.} (20. Bf1 $17 {was worth a try.}) 20... Ne5 $19 21. Kg2 {[%emt 0:09:10] Against Nf3} (21. Qg2) 21... d4 22. Bg5 Qa8+ 23. Kf1 Nf3 24. Bxf6 Nxd2+ 25. Ke2 Qf3+ 26. Kxd2 Bf4+ ({Not} 26... gxf6 $2 27. Be2 Bf4+ 28. Ke1 $19) 27. Ke1 gxf6 28. Qf1 (28. Be2 $142 Re7 29. Ne3 Qh1+ 30. Qf1) 28... Re7+ 29. Be2 Bc1 30. Ne3 Qe4 31. Bd3 Qe5 32. Kd1 dxe3 33. Kxc1 {[%emt 0:00:46][%mdl 4096] Endgame KQR-KQB} c4 34. f4 Qd5 35. Be2 c3 {[%emt 0:02:43] [#] ( -> ...Qa2)} 36. Kb1 {[%emt 0:00:43] Prevents Qa2+.} cxb2 {[%emt 0:00:26] Hoping for ...Qd2.} 37. Kxb2 Qd4+ (37... Qd2 $142 38. Kb1 Rd7) 38. Ka2 Qd2 39. Kb2 b4 {[%emt 0:00:16] Weighted Error Value: White=1.52/Black=0.54} 0-1